 Dungeon Crawl Stone Soup version 0.30-a0-359-gd0147acb1a (webtiles) character file.

Game seed: 2663595864931997527

6556 mcwallace the Blocker (level 10, -5/97 HPs)
             Began as an Armataur Fighter on Nov 13, 2022.
             Was a High Priest of Cheibriados.
             Slain by a komodo dragon (17 damage)
             ... on level 1 of the Lair of Beasts.
             The game lasted 00:22:32 (7629 turns).

mcwallace the Blocker (Armataur Fighter)            Turns: 7629, Time: 00:22:33

Health: -5/97      AC: 20    Str: 36    XL:     10   Next: 70%
Magic:  10/10      EV:  6    Int: 26    God:    Cheibriados [*****.]
Gold:   703        SH:  8    Dex: 21    Spells: 9/9 levels left

rFire   . . .      SeeInvis .    f - +4 scimitar of the Grave {vamp, rC+ Int+6, long}
rCold   + + .      Faith    .    c - +0 buckler
rNeg    . . .      Spirit   .    I - +0 plate armour
rPois   .          Reflect  .    i - +0 helmet
rElec   .          Harm     .    M - +0 cloak
rCorr   .          Roll     +    C - +0 pair of gloves
Will    .....                    (no barding)
Stlth   ..........               n - amulet of regeneration {@e2}
HPRegen 1.16/turn                m - ring of protection from cold
MPRegen 0.12/turn                U - +4 ring of protection

@: very slow
A: large, rugged brown scales 3, deformed body, armoured tail, roll, long
tongue, awkward tongue
a: Renounce Religion, Bend Time, Temporal Distortion, Slouch, Step From Time


You were on level 1 of the Lair of Beasts.
You worshipped Cheibriados.
Cheibriados was extremely pleased with you.
You visited 3 branches of the dungeon, and saw 10 of its levels.
You also visited: Sewer.

You collected 703 gold pieces.


Innate Abilities, Weirdness & Mutations

You are completely covered in rugged brown scales. (AC +3, +7% HP)
Armour fits poorly on your strangely shaped body.
You have a long armoured tail.
You roll when moving toward enemies. (Rampage)
Your long tongue fully drains potion bottles. (2x potion effects)
Your tongue gives you trouble enunciating. (1.5x scroll delay)


   Skills:
 + Level 9.6 Fighting
 - Level 3.3 Maces & Flails
 - Level 10.0 Armour
 + Level 11.4 Shields


You had 9 spell levels left.
You didn't know any spells.
Your spell library contained the following spells:

 Spells                   Type           Power      Damage    Failure   Level
 Apportation              Tloc           0%         N/A       61%         1
 Shock                    Conj/Air       0%         1d3       61%         1
 Swiftness                Air            0%         N/A       93%         3
 Airstrike                Air            0%         2d(0-16)  100%        4
 Alistair's Intoxication  Tmut/Pois      0%         N/A       100%        5

Inventory:

Hand Weapons
 b - the +6 dire flail of Dissatisfaction {spect, Will+ Stlth+, mace}
   (You took it off an ogre on level 5 of the Dungeon)

   When its wielder attacks, the weapon's spirit leaps out and strikes again.
   The spirit shares a part of any damage it takes with its wielder.
   Will:      It increases your willpower.
   Stlth:     It makes you more stealthy.
 f - the +4 scimitar of the Grave (weapon) {vamp, rC+ Int+6, long}
   (You found it on level 5 of the Dungeon)

   It occasionally heals its wielder for a portion of the damage dealt when it
   wounds a living foe.
   Int:       It affects your intelligence (+6).
   rC:        It protects you from cold.
 r - a +4 scimitar of flaming {long}
   (You took it off Erica on level 8 of the Dungeon)
 E - a +1 broad axe of flaming {axe}
   (You found it in a sewer)
Missiles
 e - 191 stones {throwing}
 N - 15 poisoned darts (quivered) {throwing}
 O - 2 boomerangs {throwing}
 T - 4 javelins {throwing}
Armour
 c - a +0 buckler (worn)
 i - a +0 helmet (worn)
   (You found it on level 7 of the Dungeon)
 v - a +2 robe of resistance
   (You took it off Erica on level 8 of the Dungeon)
 C - a +0 pair of gloves (worn)
   (You found it on level 2 of the Dungeon)
 D - a +0 scale mail
   (You found it on level 2 of the Dungeon)
 H - a +0 chain mail
   (You found it on level 3 of the Dungeon)
 I - a +0 plate armour (worn)
   (You found it on level 3 of the Dungeon)
 L - a +0 ring mail
   (You found it on level 3 of the Dungeon)
 M - a +0 cloak (worn)
   (You found it on level 3 of the Dungeon)
 P - a +0 leather armour
   (You found it on level 4 of the Dungeon)
 W - a +0 leather armour
   (You found it on level 5 of the Dungeon)
 Z - a +0 robe
   (You took it off Dowan on level 5 of the Dungeon)
Jewellery
 a - a +6 ring of strength
   (You found it on level 6 of the Dungeon)
 m - a ring of protection from cold (left hand)
   (You found it on level 2 of the Dungeon)
 n - an amulet of regeneration (around neck) {@e2}
   (You found it on level 2 of the Dungeon)
 x - a ring of positive energy
   (You found it on level 7 of the Dungeon)
 z - a ring of positive energy
   (You found it on level 8 of the Dungeon)
 R - a ring of ice
   (You found it on level 4 of the Dungeon)
 U - a +4 ring of protection (right hand)
   (You found it on level 5 of the Dungeon)
Wands
 p - a wand of flame (11)
   (You found it on level 8 of the Dungeon)
 u - a wand of mindburst (20)
   (You found it on level 6 of the Dungeon)
 w - a wand of paralysis (8)
   (You found it on level 2 of the Dungeon)
Scrolls
 d - a scroll of silence {unknown}
 g - a scroll of magic mapping {unknown}
 h - a scroll of poison {unknown}
 j - 2 scrolls of vulnerability {!r!r}
 k - 6 scrolls of teleportation {@r4}
 q - 2 scrolls of fog {unknown}
 y - 2 scrolls of fear {unknown}
 A - 2 scrolls of blinking {!r}
 G - a scroll of summoning {unknown}
 Q - 2 scrolls of acquirement {unknown}
 S - 2 scrolls of enchant armour {unknown}
 Y - a scroll of amnesia {unknown}
Potions
 l - a potion of lignification {unknown}
 o - 2 potions of curing {@q1}
 s - 2 potions of brilliance
 t - a potion of berserk rage {!q}
 B - a potion of magic
 J - a potion of heal wounds {unknown}
 K - 4 potions of flight
 V - a potion of resistance
 X - a potion of cancellation {unknown}
Miscellaneous
 F - a tin of tremorstones (2/2) {throwing}
   (You found it in a sewer)

Dungeon Overview and Level Annotations

Branches:
Dungeon (8/15) Zot: 37852  Temple (1/1) D:4 Zot: 8702    Lair (1/5) D:8 Zot: 8863
  Sewer (visited)

Altars:
Ashenzari
Cheibriados
Dithmenos
Elyvilon
Fedhas
Gozag
Hepliaklqana
Kikubaaqudgha
Makhleb
Nemelex Xobeh
Okawaru
Qazlal
Ru
Sif Muna
Trog
Uskayaw
Vehumet
Wu Jian
Xom
Yredelemnul
The Shining One

Shops:
D:7 [

Annotations:
D:7 2 transporters, mcwallace's ghost, novice OpTm

....#....... ...........
..###...
#.#.#....####.##P....
....................
....................
........^..........
.................# ###
...............F.#.8.#..
###.#.....#.P#.#@.....#
###....#.....l#8.>.8#
#....#...?..#.....#
#....#.......#...##
#...####.#..##.+##
....## ....##.... P##..#
..#... .#... # #..
.........# .. #.. ..
8...... .


You could see a komodo dragon and a bullfrog.


Message History

You block the water moccasin's attack.
The bullfrog hits you but does no damage.
You block the water moccasin's attack.
You see here a scroll of identify {@r1}.
The bullfrog attacks as you move away!
The bullfrog hits you but does no damage.
The bullfrog barely misses you.
The water moccasin bites you but does no damage.
The bullfrog hits you but does no damage.
The water moccasin bites you but does no damage.
Unknown command.
You block the bullfrog's attack. The komodo dragon bites you.
The bullfrog hits you but does no damage. 😕 HP[-2]
You take 2 damage, and now have 95/97 hp.
The water moccasin attacks as you move away!
The water moccasin bites you but does no damage.
The bullfrog attacks as you move away!
The bullfrog hits you but does no damage.
Found a stone staircase leading down.
The water moccasin bites you but does no damage.
The water moccasin barely misses you. 😎 HP[+2]
Your hp is fully restored (97).
You hit the water moccasin. The water moccasin bites you.
You block the water moccasin's attack. 😕 HP[-4]
You take 4 damage, and now have 93/97 hp.
You slash the water moccasin!
You block the water moccasin's attack. x2 😕 HP[+1]
You slash the water moccasin! The water moccasin bites you.
The bullfrog hits you but does no damage.
The water moccasin bites you but does no damage.
The bullfrog barely misses you. 😕 HP[-1]
You take 1 damage, and now have 93/97 hp.
You closely miss the water moccasin. The water moccasin bites you.
The bullfrog hits you. You block the bullfrog's attack.
The water moccasin bites you but does no damage. 😕 HP[-1]
You take 1 damage, and now have 92/97 hp.
You hit the water moccasin.
You kill the water moccasin!
Cheibriados appreciates the change of pace.
The bullfrog barely misses you.
The bullfrog hits you but does no damage.
The komodo dragon bites you!! 😕 HP[-19]
You take 19 damage, and now have 73/97 hp.
You closely miss the bullfrog. You tail-slap the bullfrog.
You block the bullfrog's attack. x2; You block the komodo dragon's attack.
The bullfrog hits you but does no damage. 😕 HP[+2]
You regained 2 hp, and now have 75/97 hp.
You hit the bullfrog.
You feel better. The komodo dragon barely misses you.
You block the bullfrog's attack. x2; The komodo dragon bites you. 😮 HP[-4]
You take 4 damage, and now have 71/97 hp.
You completely miss the bullfrog. You block the bullfrog's attack.
The komodo dragon bites you!!
The bullfrog hits you but does no damage. 😮 HP[-17]
You take 17 damage, and now have 54/97 hp.
You slash the bullfrog!
The bullfrog hits you but does no damage.
The komodo dragon bites you!
* * * LOW HITPOINT WARNING * * *
The bullfrog hits you but does no damage. 😨 HP[-12]
You take 12 damage, and now have 42/97 hp.
You barely miss the komodo dragon.
Your tail-slap misses the komodo dragon.
The bullfrog hits you but does no damage.
The komodo dragon bites you!
* * * LOW HITPOINT WARNING * * *
You block the bullfrog's attack.
You block the komodo dragon's attack. 😨 HP[-12]
You take 12 damage, and now have 30/97 hp.
You barely miss the bullfrog. You block the bullfrog's attack.
The komodo dragon bites you!
* * * LOW HITPOINT WARNING * * *
The bullfrog hits you.
* * * LOW HITPOINT WARNING * * *
😱 HP[-15]
You take 15 damage, and now have 15/97 hp.
You closely miss the bullfrog. The bullfrog barely misses you.
The komodo dragon bites you but does no damage.
The bullfrog hits you.
* * * LOW HITPOINT WARNING * * *
The komodo dragon barely misses you. 😱 HP[-4]
You take 4 damage, and now have 11/97 hp.
Aiming: Mindburst
Press: ? - help, Q - select action, (/) - cycle Shift-Dir - straight line, f - komodo dragon
Aim: a komodo dragon (chance to affect: 47%)
The komodo dragon resists with some effort.
You block the bullfrog's attack.
The bullfrog hits you but does no damage.
The komodo dragon bites you!
You die...

Skill      XL: |  1  2  3  4  5  6  7  8  9 10 |
---------------+-------------------------------+-----
Maces & Flails | 2 3 |  3.3
Fighting       | 3 4 5 6 8 9 |  9.6
Armour         | 4 5 7 8 10 | 10.0
Shields        | 4 5 6 8 9 11 | 11.4

Action                   |  1- 3 |  4- 6 |  7- 9 | 10-12 || total
-------------------------+-------+-------+-------+-------++-------
Melee: Flail             |    23 |   193 |       |       ||   216
       Tailslap          |     2 |    29 |    31 |    19 ||    81
       Broad axe         |       |    45 |    77 |       ||   122
       Scimitar          |       |       |   288 |   160 ||   448
Throw: Dart              |       |       |     4 |       ||     4
Evoke: Tin of tremorston |       |       |     1 |       ||     1
       Wand              |       |       |       |     3 ||     3
  Use: Potion            |       |       |     3 |     3 ||     6
       Scroll            |       |       |       |    10 ||    10
Armor: Scale mail        |     4 |   152 |    19 |       ||   175
       Plate armour      |       |       |   394 |   213 ||   607
Dodge: Dodged            |     7 |   110 |   141 |    69 ||   327
Block: Buckler           |     5 |    48 |   148 |   122 ||   323

Levels and vault maps discovered:
D:1:      minmay_arrival_shattered_statue, layout_rooms, serial_glass,
          glass_columns_c, glass_columns_a, nrook_mini_vaults
D:2:      minmay_recursive_quarters, layout_basic, minmay_split_cup_large,
          uniq_terence, uniq_sigmund
D:3:      layout_basic, serial_curves, eino_curves_02, eino_curves_01,
          cheibrodos_sewer_entry_bend
D:4:      layout_rooms, minmay_temple_entry_antechambers, minivault_11,
          minmay_increasing_density
D:5:      layout_basic, gammafunk_ghost_smash, nicolae_wormholes, uniq_duvessa
D:6:      corexii_shack_village, layout_basic
D:7:      layout_basic, gammafunk_ghost_arena, serial_shops,
          nicolae_diamond_shop
D:8:      layout_layer_cave, erik_lair_orcish_takeover, kennysheep_kite_vault,
          uniq_prince_ribbit1, uniq_erica
Temple:   mainiacjoe_temple_hex_bubbles
Lair:1:   layout_regular_city, nicolae_volcano_entry_two_sided, pond,
          grunt_megastairs_1

Notes
Turn   | Place    | Note
-------+----------+-------------------------------------------
     0 | D:1      | mcwallace the Armataur Fighter began the quest for the Orb.
     0 | D:1      | Reached XP level 1. HP: 19/19 MP: 1/1
     0 | D:1      | magus.rc [v1.9.6]
   443 | D:2      | Reached skill level 2 in Maces & Flails
   443 | D:2      | Reached XP level 2. HP: 25/26 MP: 2/2
   534 | D:2      | Noticed Sigmund
   549 | D:2      | Killed Sigmund
   550 | D:2      | Reached skill level 3 in Fighting
   550 | D:2      | Reached skill level 4 in Armour
   550 | D:2      | Reached skill level 4 in Shields
   550 | D:2      | Reached XP level 3. HP: 22/33 MP: 3/3
   550 | D:2      | Reached XP level 4. HP: 26/40 MP: 4/4
   550 | D:2      | Reached XP level 5. HP: 32/48 MP: 5/5
   834 | D:2      | Reached skill level 3 in Maces & Flails
  1015 | D:2      | Noticed Terence
  1024 | D:2      | Killed Terence
  1120 | D:2      | Reached skill level 5 in Armour
  1567 | D:3      | Found a glowing drain.
  1588 | Sewer    | Entered a sewer
  1598 | Sewer    | Reached XP level 6. HP: 55/55 MP: 6/6
  1807 | Sewer    | Reached skill level 4 in Fighting
  1807 | Sewer    | Reached skill level 5 in Shields
  2764 | D:4      | Reached XP level 7. HP: 50/64 MP: 7/7
  2797 | D:4      | Found a staircase to the Ecumenical Temple.
  2806 | Temple   | Entered the Ecumenical Temple
  2997 | Temple   | Became a worshipper of Cheibriados the Contemplative
  3312 | D:4      | Reached skill level 6 in Armour
  3583 | D:5      | Entered Level 5 of the Dungeon
  3906 | D:5      | Noticed Dowan
  3906 | D:5      | Noticed Duvessa
  3919 | D:5      | Killed Duvessa
  3920 | D:5      | Reached skill level 6 in Shields
  3926 | D:5      | Killed Dowan
  3927 | D:5      | Reached skill level 5 in Fighting
  3948 | D:5      | Found a transporter.
  3950 | D:5      | Noticed Bravis's ghost (weakling GnDe)
  3950 | D:5      | Identified the +6 dire flail of Dissatisfaction {spect,
                  | Will+ Stlth+}
  3951 | D:5      | Found a transporter.
  4051 | D:5      | Reached * piety under Cheibriados
  4061 | D:5      | You pick up a book of Air and begin reading...
  4061 | D:5      | You add the spells Shock, Swiftness and Airstrike to your
                  | library.
  4224 | D:5      | Killed Bravis's ghost
  4225 | D:5      | Reached skill level 7 in Armour
  4225 | D:5      | Reached XP level 8. HP: 34/72 MP: 8/8
  4243 | D:5      | Identified the +4 scimitar of the Grave {vamp, rC+ Int+6}
  4545 | D:6      | Reached skill level 7 in Shields
  4564 | D:6      | Reached ** piety under Cheibriados
  4565 | D:6      | HP: 17/74 [water moccasin (6)]
  4571 | D:6      | Reached skill level 6 in Fighting
  4615 | D:6      | Reached skill level 8 in Armour
  5168 | D:6      | Reached *** piety under Cheibriados
  5231 | D:7      | Found Jaetzumo's Armour Shoppe.
  5287 | D:7      | Reached skill level 8 in Shields
  5287 | D:7      | Reached XP level 9. HP: 63/83 MP: 9/9
  5339 | D:6      | Reached skill level 9 in Armour
  5408 | D:7      | Noticed a cyclops
  5419 | D:7      | Found a transporter.
  5420 | D:7      | Found a transporter.
  5420 | D:7      | Noticed mcwallace's ghost (novice OpTm)
  5479 | D:7      | Reached skill level 7 in Fighting
  5602 | D:7      | Reached **** piety under Cheibriados
  5967 | D:8      | Reached skill level 9 in Shields
  6061 | D:8      | Noticed Prince Ribbit
  6082 | D:8      | Killed Prince Ribbit
  6083 | D:8      | Reached skill level 10 in Armour
  6150 | D:8      | Noticed Erica
  6168 | D:8      | Killed Erica
  6169 | D:8      | Reached skill level 8 in Fighting
  6169 | D:8      | Reached XP level 10. HP: 49/94 MP: 10/10
  6383 | D:8      | Found a staircase to the Lair.
  6402 | D:8      | Reached skill level 10 in Shields
  6411 | D:8      | HP: 17/94 [warg (12)]
  6417 | D:8      | HP: 8/94 [warg (12)]
  6427 | D:8      | HP: 22/94 [warg (6)]
  6432 | D:8      | HP: 13/94 [warg (10)]
  6437 | D:8      | HP: 12/96 [warg (8)]
  6444 | D:8      | HP: 23/96 [warg (4)]
  6501 | D:8      | You pick up a book of Party Tricks and begin reading...
  6501 | D:8      | You add the spells Apportation and Alistair's Intoxication
                  | to your library.
  6796 | D:8      | Identified the +1 robe of the Dice {Harm}
  7195 | D:8      | Noticed a two-headed ogre
  7209 | D:8      | Killed a two-headed ogre
  7210 | D:8      | Reached skill level 9 in Fighting
  7233 | D:8      | Reached skill level 11 in Shields
  7248 | D:8      | Reached ***** piety under Cheibriados
  7547 | Lair:1   | Entered Level 1 of the Lair of Beasts
  7627 | Lair:1   | HP: 17/97 [komodo dragon (15)]
  7629 | Lair:1   | Slain by a komodo dragon

Vanquished Creatures
  A two-headed ogre (D:8)
  Erica (D:8)
  A komodo dragon (Lair:1)
  A hornet (D:8)
  Prince Ribbit (D:8)
  Sigmund (D:2)
  3 wyverns
  3 wargs (D:8)
  4 water moccasins
  Duvessa (D:5)
  2 black bears
  2 ice beasts
  2 sky beasts
  2 ogres (D:5)
  2 centaurs (D:8)
  A phantom (D:6)
  2 kobold brigands
  5 bullfrogs
  A gnoll sergeant (D:8)
  A scorpion (D:4)
  5 wights (D:8)
  Dowan (D:5)
  5 killer bees
  5 howler monkeys
  An orc priest (D:8)
  6 hounds
  2 jellies (D:6)
  3 gnoll boudas
  Terence (D:2)
  2 iguanas
  8 orc wizards
  8 adders
  12 gnolls
  A shadow imp (D:6)
  A white imp (D:6)
  2 ufetubi
  13 worms
  The ghost of Bravis the Covert, a weakling GnDe (D:5)
  20 orcs
  7 bats
  16 endoplasms
  7 giant cockroaches
  7 hobgoblins
  6 jackals
  28 kobolds
  8 quokkas
  15 ball pythons
  6 frilled lizards
  9 goblins
  2 rats
245 creatures vanquished.

Vanquished Creatures (others)
  A plant (Lair:1)
1 creature vanquished.

Grand Total: 246 creatures vanquished

Table legend:
 A = Non-vault XP
 B = Vault XP
 C = Vault XP percentage of total XP
 D = Non-vault monster count
 E = Vault monster count
 F = Vault count percentage of total count
                 A         B        C        D         E       F
            +---------+---------+-------+---------+---------+-------
      Total |    4499 |    4867 |  52.0 |     144 |     101 |  41.2
            +---------+---------+-------+---------+---------+-------
        D:1 |       9 |       0 |   0.0 |       6 |       0 |   0.0
        D:2 |      56 |     271 |  82.9 |      22 |      10 |  31.2
        D:3 |      75 |      10 |  11.8 |      26 |       2 |   7.1
        D:4 |     192 |      19 |   9.0 |      11 |       4 |  26.7
        D:5 |     115 |     454 |  79.8 |       6 |       6 |  50.0
        D:6 |    1410 |      35 |   2.4 |      37 |      14 |  27.5
        D:7 |    1174 |      14 |   1.2 |      18 |       3 |  14.3
        D:8 |     886 |    3671 |  80.6 |      16 |      28 |  63.6
     Lair:1 |     582 |     151 |  20.6 |       2 |       1 |  33.3
      Sewer |       0 |     242 | 100.0 |       0 |      33 | 100.0
            +---------+---------+-------+---------+---------+-------

Illustrated notes

Table legend:
 A = Kills in this place as a percentage of kills in entire the game.
 B = Kills by you in this place as a percentage of kills by you in the entire game.
 C = Kills by friends in this place as a percentage of kills by friends in the entire game.
 D = Other kills in this place as a percentage of other kills in the entire game.
 E = Experience gained in this place as a percentage of experience gained in the entire game.
 F = Experience gained in this place divided by the number of levels of this place that you have seen.
                   A       B       C       D       E      F
               +-------+-------+-------+-------+-------+----------------------
         Total | 100.0 | 100.0 |   N/A |   N/A | 100.0 | 851.5
       Dungeon |  85.3 |  85.3 |   N/A |   N/A |  89.6 | 1048.9
          Lair |   1.2 |   1.2 |   N/A |   N/A |   7.8 | 733.0
         Sewer |  13.5 |  13.5 |   N/A |   N/A |   2.6 | 242.0
               +-------+-------+-------+-------+-------+----------------------

Table legend: (Time is in decaauts)
 A = Elapsed time spent in this place.
 B = Non-inter-level travel time spent in this place.
 C = Inter-level travel time spent in this place.
 D = Time resting spent in this place.
 E = Time spent auto-exploring this place.
 F = Levels seen in this place.
 G = Mean time per level.
                   A        B        C        D        E       F      G
               +--------+--------+--------+--------+--------+-----+--------+
         Total |  10196 |   9529 |    667 |      0 |   7030 |  11 |  926.9 |
       Dungeon |   9367 |   8709 |    658 |      0 |   6683 |   8 | 1170.9 |
        Temple |    201 |    193 |      8 |      0 |    168 |   1 |  201.0 |
          Lair |    135 |    135 |      0 |      0 |      0 |   1 |  135.0 |
         Sewer |    492 |    492 |      0 |      0 |    179 |   1 |  492.0 |
               +--------+--------+--------+--------+--------+-----+--------+

Top non-repeatable levels by time:
     D:8: 2645 daAuts
     D:6: 1376 daAuts
     D:7: 1074 daAuts
     D:2: 1008 daAuts
     D:5: 1001 daAuts
     D:3: 1000 daAuts
     D:4: 823 daAuts
   Sewer: 492 daAuts
     D:1: 437 daAuts
  Temple: 201 daAuts
  Lair:1: 135 daAuts
